Map: Terraform LE (Void)

Players

wabbajack - Winner!

  • Race: Zerg Zerg
  • League: Gold

Absolem

  • Race: Terran Terran
  • League: Grandmaster

VOD

Have the link to the VOD?

Description

Time

  • Played on: July 20, 2015, 9:30 a.m.
  • Length: 14:55
Show
View Real Time Build Order
Export as new Build Order

wabbajack Zerg - Winner!

Build Orders: Hatch First, Lurkers 

Get SALT Encoding   

  12  0:01  Drone  
  13  0:14  Overlord  
  13  0:20  Drone  
  14  0:23  Extractor  
  14  0:24  Drone  
  15  0:33  Drone  
  16  0:39  Drone  
  17  0:55  Hatchery  
  16  1:03  Extractor  
  15  1:09  Spawning Pool  
  14  1:13  Drone  
  14  1:16  Drone  
  16  1:19  Drone  
  16  1:23  Extractor  
  16  1:29  Drone  
  17  1:35  Drone  
  18  1:47  Drone  
  19  1:56  Queen  
  19  1:57  Drone  
  22  2:07  Queen  
  24  2:09  Metabolic Boost  
  24  2:15  Drone  
  25  2:19  Drone  
  25  2:20  Drone  
  27  2:29  Overlord  
  27  2:31  Drone  
  28  2:39  Extractor  
  28  2:41  Extractor  
  28  2:43  Zergling x4  
  30  2:57  Overlord  
  30  2:59  Spine Crawler, Zergling x4  
  31  3:34  Zergling x2  
  31  3:35  Zergling x20  
  42  3:56  Overlord  
  42  3:57  Overlord  
  42  4:06  Roach Warren  
  41  4:14  Baneling Nest  
  40  4:27  Drone x2  
  40  4:28  Drone x5  
  47  4:32  Lair  
  47  4:59  Roach x8  
  57  5:07  Evolution Chamber  
  57  5:08  Spine Crawler  
  57  5:11  Spore Crawler  
  57  5:13  Spore Crawler, Spine Crawler  
  37  6:29  Queen  
  37  6:30  Queen  
  41  7:12  Spire  
  40  7:16  Drone x11  
  40  7:17  Drone x3  
  40  7:20  Extractor  
  40  7:21  Extractor  
  52  7:30  Evolution Chamber  
  42  7:58  Overlord  
  39  7:59  Overlord  
  37  8:05  Queen  
  37  8:09  Drone x4  
  37  8:10  Drone  
  44  8:14  Hatchery  
  43  8:21  Burrow  
  43  8:27  Zerg Flyer Weapons Level 1  
  43  8:28  Drone x2  
  43  8:30  Drone x2  
  47  8:55  Drone x2  
  49  8:56  Drone x3  
  52  9:04  Drone  
  52  9:05  Drone x4  
  52  9:06  Drone  
  52  9:09  Queen  
  60  9:22  Zerg Ground Armor Level 1  
  60  9:23  Zerg Melee Weapons Level 1  
  60  9:24  Centrifical Hooks  
  60  9:33  Drone x2, Hydralisk Den  
  60  9:34  Drone  
  60  9:37  Drone  
  63  9:39  Zergling x2  
  63  9:40  Zergling x6  
  63  9:41  Zergling x6  
  70  9:56  Lurker Den  
  70  9:59  Spine Crawler  
  69  10:00  Spore Crawler  
  69  10:05  Queen  
  69  10:06  Overlord x2  
  70  10:09  Glial Reconstitution  
  70  10:21  Drone  
  70  10:22  Drone x11  
  82  10:31  Roach x6  
  82  10:37  Zerg Flyer Armor Level 1  
  82  10:39  Overlord  
  82  10:45  Hydralisk x3  
  82  10:46  Hydralisk  
  82  10:47  Hydralisk  
  92  10:54  Drone x2  
  92  10:55  Drone x4  
  98  10:59  Extractor  
  98  11:00  Extractor  
  96  11:06  Drone  
  96  11:07  Drone x2  
  96  11:09  Overlord x3  
  99  11:27  Zerg Ground Armor Level 2  
  99  11:28  Zerg Missile Weapons Level 1  
  99  11:33  Lurker x4  
  99  11:36  Zergling x2  
  99  11:37  Zergling x6  
  107  11:40  Corruptor  
  107  11:41  Overlord  
  107  11:42  Overlord  
  109  11:50  Overseer  
  109  11:54  Corruptor  
  109  11:55  Corruptor  
  109  11:56  Corruptor  
  109  11:59  Overlord x2  
  115  12:26  Hatchery, Corruptor x3  
  115  12:29  Roach  
  122  12:30  Roach x8  
  138  12:46  Hatchery  
  137  12:59  Spine Crawler  
  137  13:05  Extractor  
  135  13:06  Baneling  
  135  13:07  Baneling x9  
  135  13:08  Extractor, Baneling x6  
  134  13:26  Overlord  
  134  13:27  Overlord x3  
  107  13:48  Corruptor x4  
  86  13:50  Zergling x14  
  86  13:51  Zergling x22  
  96  13:59  Zergling x2  
  96  14:00  Zergling x26  
  104  14:31  Overseer x2  
  99  14:48  Spore Crawler  
  99  14:51  Spine Crawler  
Show
View Real Time Build Order
Export as new Build Order

Absolem Terran 

Build Orders:  

Get SALT Encoding   

  12  0:02  SCV  
  13  0:15  SCV  
  14  0:21  Supply Depot  
  14  0:27  SCV  
  15  0:43  SCV, Barracks  
  15  0:49  Refinery  
  16  0:55  SCV  
  17  0:57  Refinery  
  17  1:07  SCV  
  18  1:19  SCV  
  19  1:32  Supply Depot  
  19  1:33  Orbital Command  
  19  1:34  Reaper  
  20  1:49  Factory  
  20  2:01  SCV  
  21  2:07  Marine  
  22  2:13  SCV  
  23  2:18  Supply Depot  
  23  2:25  SCV  
  24  2:32  Barracks Reactor  
  24  2:37  SCV  
  24  2:42  Factory Reactor  
  25  2:44  Starport  
  25  2:49  SCV  
  26  2:59  Armory  
  26  3:01  SCV  
  27  3:13  SCV  
  28  3:22  Barracks Tech Lab  
  28  3:27  SCV  
  28  3:30  Medivac x2  
  28  3:32  Hellion x2  
  37  3:37  Supply Depot  
  37  3:39  SCV  
  38  3:49  Supply Depot  
  38  3:52  SCV  
  39  3:59  Hellion x2  
  39  4:00  Medivac x2  
  47  4:11  SCV  
  48  4:21  Hellbat x2  
  52  4:34  Command Center  
  52  4:37  Supply Depot  
  52  4:38  SCV  
  53  4:41  Liberator  
  53  4:50  SCV  
  57  5:05  SCV, Liberator  
  58  5:10  Barracks  
  58  5:13  Marine, Hellbat x2  
  63  5:21  SCV  
  57  5:31  Marine  
  27  5:53  SCV  
  28  5:59  Factory  
  28  6:00  Hellbat x2  
  29  6:05  SCV  
  30  6:17  SCV  
  30  6:33  SCV  
  31  6:45  SCV  
  32  6:57  SCV  
  33  7:01  Orbital Command  
  33  7:11  SCV  
  23  8:03  SCV  
  23  8:04  SCV  
  18  8:15  SCV, Hellbat x2  
  18  8:16  SCV  
  24  8:28  SCV x2  
  24  8:31  Marauder  
  24  8:32  Marine  
  29  8:38  Widow Mine x2  
  29  8:40  SCV  
  34  8:41  SCV  
  35  8:50  Marine  
  35  8:52  SCV  
  35  8:54  SCV  
  38  8:58  Orbital Command  
  38  8:59  Liberator  
  38  9:00  Marine  
  39  9:03  Concussive Shells  
  42  9:17  Marine  
  42  9:18  Marine  
  42  9:20  Hellbat x2  
  42  9:21  Liberator  
  42  9:23  SCV  
  49  9:24  SCV  
  49  9:29  Factory Tech Lab  
  50  9:35  SCV, Marine  
  55  9:40  SCV, Widow Mine  
  58  9:47  SCV  
  58  9:50  Bunker  
  58  9:52  SCV  
  60  9:59  SCV  
  61  10:12  Thor  
  67  10:16  Hellbat x2  
  67  10:21  SCV x2  
  73  10:27  Refinery  
  73  10:30  Refinery  
  73  10:33  SCV x2  
  75  10:36  Marine x2  
  77  10:52  Supply Depot  
  77  10:53  Supply Depot, Marine  
  78  11:09  Supply Depot  
  78  11:13  SCV x2, Widow Mine  
  78  11:18  Combat Shields  
  82  11:25  SCV x2  
  84  11:37  SCV x2  
  84  11:38  Liberator  
  86  11:44  Thor  
  92  11:50  Marauder, Marine  
  95  11:58  Widow Mine  
  100  12:01  SCV  
  100  12:02  SCV  
  102  12:09  Supply Depot  
  102  12:14  Liberator  
  102  12:15  Supply Depot  
  102  12:17  Terran Vehicle Weapons Level 1  
  102  12:30  Widow Mine  
  102  12:31  SCV, Marine x2  
  102  12:37  SCV, Stimpack  
  111  12:48  Marine x2  
  113  13:01  Command Center  
  113  13:06  Marine x2  
  115  13:24  Marine  
  114  13:36  Thor  
  74  14:02  Marine x2  
  51  14:33  Marine x2  
Tags
 
Add a new tag
Caveats
  • Supply blocks, unpowered buildings, or Contaminate may cause inaccurate times.
  • Supply counts are checked every 10 seconds.